 Dungeon Crawl Stone Soup version 0.31-a0-202-g547052bce9 (webtiles) character file.

Game seed: 8903435065126684917

7 qw the Shooter (level 1, -1/12 HPs)
             Began as a Deep Elf Hunter on June 26, 2023.
             Slain by a kobold
             ... wielding a +0 short sword
              (3 damage)
             ... on level 1 of the Dungeon.
             The game lasted 00:00:05 (192 turns).

qw the Shooter (Deep Elf Hunter)                     Turns: 192, Time: 00:00:05

Health: -1/12      AC:  3    Str:  8    XL:     1   Next: 83%
Magic:  3/3        EV: 12    Int: 13    God:
Gold:   14         SH:  0    Dex: 18    Spells: 0/0 levels left

rFire   . . .        a - +0 shortbow
rCold   . . .        (shield currently unavailable)
rNeg    . . .        c - +0 leather armour
rPois   .            (no helmet)
rElec   .            (no cloak)
rCorr   .            (no gloves)
SInv    .            (no boots)
Will    .....        (no amulet)
Stlth   ++           (no ring)
HPRegen 0.22/turn    (no ring)
MPRegen 0.08/turn

%: no passive effects
@: no status effects
A: no striking features
a: no special abilities


You were on level 1 of the Dungeon.
You visited 1 branch of the dungeon, and saw 1 of its levels.

You collected 14 gold pieces.


   Skills:
 - Level 1.5 Fighting
 + Level 5.8 Ranged Weapons
 - Level 2.4 Dodging
 - Level 1.2 Stealth


You couldn't memorise any spells.
You didn't know any spells.
Your spell library was empty.

Inventory:

Hand Weapons
 a - a +0 shortbow (weapon)
Armour
 c - a +0 leather armour (worn)
 f - a +0 ring mail
Jewellery
 d - an amulet of reflection
Scrolls
 b - a scroll of butterflies
 e - a scroll of brand weapon {unknown}
 g - a scroll of identify {unknown}

Dungeon Overview and Level Annotations

Branches:
Dungeon (1/15)

Altars:


Message History

HP restored.
You see here a frilled lizard corpse.
A bat comes into view.
You shoot an arrow. The arrow hits the bat.
You kill the bat!
A ball python comes into view.
Found a stone staircase leading down.
You shoot an arrow. The arrow hits the ball python!
You kill the ball python!
A goblin comes into view. It is wielding a +0 club.
Found a dagger.
Enter note: You shoot an arrow.
The arrow hits the goblin.
You kill the goblin!
You see here a +0 dagger.
You see here a +0 club.
A ball python comes into view.
Enter note: You shoot an arrow.
The arrow hits the ball python.
You kill the ball python!
A hobgoblin and a goblin come into view.
The goblin shouts!
You hear a shout!
Enter note: You shoot an arrow.
The arrow closely misses the goblin.
The hobgoblin shouts!
You shoot an arrow. The arrow closely misses the goblin.
The goblin misses you.
A kobold comes into view. It is wielding a +0 short sword.
You shoot an arrow. The arrow misses the goblin.
The goblin hits you with a +0 club.
You shoot an arrow. The arrow hits the hobgoblin.
The hobgoblin is severely wounded.
The goblin hits you with a +0 club.
The hobgoblin hits you but does no damage.
The hobgoblin hits you. The kobold barely misses you.
The goblin hits you with a +0 club.
You shoot an arrow. The arrow hits the hobgoblin!
You kill the hobgoblin!
The kobold hits you with a +0 short sword.
You die... . .P PPPP .# PP.P #.# .P.P ...# PP7

## ##..#
#### ###.
....#
....
...#....#
##:.
#gK%...#
.... #@#
.... #.#
### #.##
#..# ##.#
#.# . #.#
# #.# #
#.#


You could see a goblin and a kobold.

Vanquished Creatures
  A goblin (D:1)
  A hobgoblin (D:1)
  2 ball pythons (D:1)
  A bat (D:1)
  3 frilled lizards (D:1)
  A kobold (D:1)
9 creatures vanquished.

Notes
Turn   | Place    | Note
-------+----------+-------------------------------------------
     0 | D:1      | qw the Deep Elf Hunter began the quest for the Orb.
     0 | D:1      | Reached XP level 1. HP: 12/12 MP: 3/3
     0 | D:1      | 0 ||| qw: Version: 0.3-a-22-g0ed2b0b
     0 | D:1      | 0 ||| qw: Game counter: 5797
     0 | D:1      | 0 ||| qw: Melee chars always use a shield: true
     0 | D:1      | 0 ||| qw: God list: Okawaru
     0 | D:1      | 0 ||| qw: Allow faded altars: false
     0 | D:1      | 0 ||| qw: Do Orc after clearing Dungeon:15 true
     0 | D:1      | 0 ||| qw: Do second Lair branch before Depths: true
     0 | D:1      | 0 ||| qw: Lair rune preference: random
     0 | D:1      | 0 ||| qw: Goals: Normal
     0 | D:1      | 0 ||| PLANNING D:1-11
   191 | D:1      | HP: 2/12 [goblin/+0 club (3)]
   192 | D:1      | Slain by a kobold

Levels and vault maps discovered:
D:1:      minmay_arrival_arboretum_small, layout_loops_ring, bh_walls_and_bars

Action                     || total
---------------------------++-------
   Fire: Shortbow          ||    23
 Armour: Leather armour    ||     2
  Dodge: Dodged            ||     5

Table legend:
 A = Non-vault XP
 B = Vault XP
 C = Vault XP percentage of total XP
 D = Non-vault monster count
 E = Vault monster count
 F = Vault count percentage of total count
                 A         B        C        D         E       F
            +---------+---------+-------+---------+---------+-------
      Total |      12 |       0 |   0.0 |       9 |       0 |   0.0
            +---------+---------+-------+---------+---------+-------
        D:1 |      12 |       0 |   0.0 |       9 |       0 |   0.0
            +---------+---------+-------+---------+---------+-------
